 Dungeon Crawl Stone Soup version 0.30.0-30-g96aa6591b8 (webtiles) character file.

Game seed: 9321436214606578091

24 Chiseanne the Sneak (level 3, -3/26 HPs)
             Began as an Octopode Delver on June 28, 2023.
             Splashed by a jelly's acid (5 damage)
             ... on level 5 of the Dungeon.
             The game lasted 00:00:13 (140 turns).

Chiseanne the Sneak (Octopode Delver)                Turns: 140, Time: 00:00:14

Health: -3/26      AC:  1    Str: 11    XL:     3   Next: 2%
Magic:  3/3        EV: 13    Int: 12    God:
Gold:   12         SH:  0    Dex: 15    Spells: 2/2 levels left

rFire   . . .        a - +0 short sword
rCold   . . .        (no shield)
rNeg    . . .        (helmet restricted)
rPois   .            (no amulet)
rElec   .            (no ring)
rCorr   .            (no ring)
SInv    .            (no ring)
Will    .....        (no ring)
Stlth   ++++         (no ring)
HPRegen 0.24/turn    (no ring)
MPRegen 0.08/turn    (no ring)
                     (no ring)

%: no passive effects
@: no status effects
A: almost no armour, amphibious, 8 rings, camouflage 1, gelatinous body 1,
(nimble swimmer 1), tentacles
a: no special abilities


You were on level 5 of the Dungeon.
You visited 1 branch of the dungeon, and saw 1 of its levels.

You collected 12 gold pieces.

Inventory:

Hand Weapons
 a - a +0 short sword (weapon)
Wands
 f - a wand of digging (3)
Scrolls
 b - a scroll of fog
 c - a scroll of magic mapping
 d - a scroll of fear
 g - a scroll of teleportation {unknown}
 i - a scroll of identify {unknown}
Potions
 e - a potion of haste
 h - a potion of curing {unknown}


   Skills:
 * Level 3.3 Fighting
 - Level 2.0 Short Blades
 * Level 2.5 Dodging
 * Level 7.0 Stealth


You had 2 spell levels left.
You didn't know any spells.
Your spell library was empty.

Dungeon Overview and Level Annotations

Branches:
Dungeon (5/15)
 Temple: D:4-7

Altars:


Innate Abilities, Weirdness & Mutations

You cannot wear most types of armour.
You are amphibious.
You can wear up to eight rings at the same time.
Your skin changes colour to match your surroundings (Stealth+).
Your rubbery body absorbs attacks. (AC +1, EV +1)
((You are camouflaged when in or above water. (Stealth+)))
You have tentacles for arms and can constrict up to eight enemies at once.


Message History

You squeeze the iguana, but do no damage.
You barely miss the iguana. Your grab misses the iguana. The iguana bites you.
You hit the iguana but do no damage. Your grab misses the iguana.
You squeeze the iguana!
The iguana is heavily wounded.
The iguana barely misses you.
You barely miss the iguana. You grab the iguana.
The iguana is heavily wounded.
You constrict the iguana. The iguana bites you.
You hit the iguana.
The iguana is almost dead.
You constrict the iguana. The iguana bites you.
You hit the iguana but do no damage.
The iguana is almost dead.
You constrict the iguana, but do no damage.
The iguana barely misses you.
You hit the iguana.
You kill the iguana!
Your Stealth skill increases to level 7!
You have reached level 2!
You have reached level 3!
Your experience leads to an increase in your attributes!
Increase (s)trength, (i)ntelligence, or (d)exterity?
You feel agile. x2
A jelly comes into view.
The jelly closely misses you.
You hit the jelly.
Your tentacles burn!
The jelly is moderately wounded.
The jelly barely misses you.
You hit the jelly.
Your tentacles burn!
The jelly is moderately wounded.
The jelly hits you.
You are splashed with acid!
* * * LOW HITPOINT WARNING * * *
You hit the jelly.
Your tentacles burn!
* * * LOW HITPOINT WARNING * * *
You squeeze the jelly, but do no damage.
The jelly is severely wounded.
The jelly hits you but does no damage.
You hit the jelly.
Your tentacles burn!
You die...

##### ## #####....
...#+#### #........
........# #.###....
........+ ....#....
.......J########.#.##.##
#....!.@.......#.#.##.#.
#..###########.#.#.##.#.
######.#.#.##.#.
.................
.....##.#.####.#. ....
##.#......##
................. ##
######.####### #..


You could see a jelly.

Vanquished Creatures
  An iguana (D:5)
1 creature vanquished.

Notes
Turn   | Place    | Note
-------+----------+-------------------------------------------
     0 | D:5      | Chiseanne the Octopode Delver began the quest for the Orb.
     0 | D:5      | Reached XP level 1. HP: 16/16 MP: 1/1
    65 | D:5      | Noticed an iguana
    75 | D:5      | Killed an iguana
    76 | D:5      | Reached skill level 7 in Stealth
    76 | D:5      | Reached XP level 2. HP: 9/21 MP: 2/2
    76 | D:5      | Reached XP level 3. HP: 12/26 MP: 3/3
   140 | D:5      | Splashed by a jelly's acid

Illustrated notes

Levels and vault maps discovered:
D:5:      layout_basic, trog_three_pillars_becter

Skill      XL: |  1 |
---------------+----+-----
Stealth        | 7 |  7.0
Fighting       | |  3.3
Short Blades   | |  2.0
Dodging        | |  2.5

Action                     || total
---------------------------++-------
  Melee: Short sword       ||    11
         Tentacles         ||     3
         Constrict         ||     1
 Armour: Skin              ||     1
  Dodge: Dodged            ||     4
